 Dungeon Crawl Stone Soup version 0.28-a0-821-g923ab73998 (webtiles) character file.

Game seed: 1171152350534616194

410 BinkBink the Ruffian (level 6, -9/62 HPs)
             Began as a Troll Berserker on Nov 9, 2021.
             Was a Believer of Trog.
             Mangled by a wyvern (12 damage)
             ... on level 4 of the Dungeon.
             The game lasted 00:05:36 (2346 turns).

BinkBink the Ruffian (Troll Berserker)              Turns: 2346, Time: 00:05:36

Health: -9/62      AC:  4    Str: 28    XL:     6   Next: 58%
Magic:  5/5        EV: 10    Int:  3    God:    Trog [**....]
Gold:   187        SH:  0    Dex:  9    Spells: 5/5 levels left

rFire   . . .      SeeInvis .     - Unarmed
rCold   . . .      Faith    .   (no shield)
rNeg    . . .      Spirit   .   a - +0 animal skin
rPois   .          Reflect  .   (helmet restricted)
rElec   .          Harm     .   (no cloak)
rCorr   .          Rampage  .   (gloves unavailable)
Will    ++...                   (boots unavailable)
Stlth   +.........              (no amulet)
HPRegen 2.20/turn               (no ring)
MPRegen 0.09/turn               (no ring)

@: strong-willed, on berserk cooldown, regenerating
A: large, unfitting armour, claws 3, regeneration 1, shaggy fur 1, tough skin 1
a: Renounce Religion, Berserk, Trog's Hand


You were on level 4 of the Dungeon.
You worshipped Trog.
Trog was pleased with you.
You visited 1 branch of the dungeon, and saw 4 of its levels.

You collected 187 gold pieces.

Inventory:

Armour
 a - a +0 animal skin (worn)
 k - a +0 helmet
Jewellery
 b - an amulet of magic regeneration
Wands
 m - a wand of iceblast (9)
 o - a wand of flame (13)
Scrolls
 c - 2 scrolls of identify {unknown}
 g - a scroll of blinking {unknown}
 j - a scroll of torment {unknown}
 l - a scroll of silence {unknown}
 n - a scroll of immolation {unknown}
Potions
 d - a potion of degeneration {unknown}
 e - a potion of curing {unknown}
 f - a potion of might {unknown}
 h - a potion of cancellation {unknown}
 i - a potion of lignification {unknown}


   Skills:
 + Level 3.7 Fighting
 - Level 2.4 Dodging
 + Level 0.6 Stealth
 + Level 6.4 Unarmed Combat


You had 5 spell levels left.
You didn't know any spells.
Your spell library was empty.

Dungeon Overview and Level Annotations

Branches:
Dungeon (4/15)
 Temple: D:4-7

Altars:
Zin
The Shining One


Innate Abilities, Weirdness & Mutations

You are too large for most types of armour.
You have claws for hands.
Your natural rate of healing is unusually fast.
You are covered in fur. (AC +1)
You have tough skin. (AC +1)


Message History

The adder poisons you!
You claw the adder!
You kill the adder!
Trog accepts your kill.
You feel sick.
You mangle the hobgoblin!!
You kill the hobgoblin!
Trog accepts your kill.
You feel sick.
No target in view!
No target in view!
No target in view!
Items here: )))) [[ †††.
You feel a strong urge to attack something.
You are no longer berserk.
You are exhausted.
You feel yourself slow down.
You feel sick.
You see here a +2 flail of holy wrath.
Found a scroll labelled ORAIFO MIULI.
Your skin stops crawling.
You feel less strong-willed.
You feel sick.
You feel sick.
You are no longer poisoned.
Found a stone staircase leading down.
c - 2 scrolls labelled ORAIFO MIULI (gained 1)
A wyvern is nearby!
The wyvern hisses angrily.
A hobgoblin comes into view.
The wyvern bites you! x2
The wyvern bites you!
Your skin crawls.
You feel strong-willed.
You feel yourself speed up.
The hobgoblin shouts!
You hear a shout!
The wyvern bites you. The wyvern bites you!
* * * LOW HITPOINT WARNING * * *
You scratch the wyvern but do no damage.
Your claw misses the wyvern. The wyvern bites you!
* * * LOW HITPOINT WARNING * * *
The wyvern bites you!
You die...

....... ....... .......
........... ........g..
..l... ...## ## #.....#
#..#####..
##.♣........####l#......
#..............#@..#
.♣.r.♣.....###....####...
..O.5.....#..............
...<........####.######.#
..o......## #.#
.♣...♣...#######.####
.o....#.##..........#
...♣..#.#...............
... ..#.................


You could see a wyvern and a hobgoblin.

Vanquished Creatures
  An ogre (D:4)
  A water moccasin skeleton (D:2)
  Jessica (D:2)
  A centaur skeleton (D:4)
  Ijyb (D:3)
  Terence (D:3)
  Natasha (D:2)
  An orc wizard (D:4)
  3 adders
  An ufetubus (D:4)
  A dart slug (D:1)
  8 orcs
  4 endoplasms
  3 giant cockroaches
  10 goblins
  6 hobgoblins
  6 jackals (D:3)
  4 kobolds
  4 quokkas
  6 ball pythons
  7 bats
  3 frilled lizards
  A quokka skeleton (D:4)
  5 rats
80 creatures vanquished.

Vanquished Creatures (others)
  A jackal (D:3)
1 creature vanquished.

Grand Total: 81 creatures vanquished

Notes
Turn   | Place    | Note
-------+----------+-------------------------------------------
     0 | D:1      | BinkBink the Troll Berserker began the quest for the Orb.
     0 | D:1      | Reached XP level 1. HP: 22/22 MP: 0/0
   111 | D:1      | Reached XP level 2. HP: 29/29 MP: 1/1
   721 | D:2      | Reached skill level 4 in Unarmed Combat
   721 | D:2      | Reached XP level 3. HP: 26/37 MP: 2/2
   721 | D:2      | Reached XP level 4. HP: 32/45 MP: 3/3
   740 | D:2      | Reached ** piety under Trog
   871 | D:2      | Found a faded altar of an unknown god.
  1128 | D:2      | Noticed Jessica
  1137 | D:2      | Killed Jessica
  1200 | D:2      | Noticed Natasha
  1210 | D:2      | HP: 2/45 [Natasha (4)]
  1220 | D:2      | Killed Natasha
  1221 | D:2      | Reached skill level 5 in Unarmed Combat
  1221 | D:2      | Reached XP level 5. HP: 11/53 MP: 4/4
  1679 | D:3      | Found a glowing silver altar of Zin.
  1795 | D:3      | Found a glowing golden altar of the Shining One.
  1801 | D:3      | Noticed Terence
  1813 | D:3      | Killed Terence
  2072 | D:3      | Noticed Ijyb
  2087 | D:3      | Killed Ijyb
  2186 | D:4      | Noticed an ogre
  2191 | D:4      | Noticed a wyvern
  2238 | D:4      | Reached XP level 6. HP: 59/61 MP: 5/5
  2305 | D:4      | Reached skill level 6 in Unarmed Combat
  2346 | D:4      | HP: 3/62 [wyvern (12)]
  2346 | D:4      | Mangled by a wyvern

Illustrated notes

Levels and vault maps discovered:
D:1:      shiori_arrival_elements, layout_loops_ring
D:2:      layout_basic, serial_glass, glass_columns_a, glass_columns_a,
          glass_columns_a, glass_columns_c, item_on_display_a,
          due_unseen_surprise, basic_ecumenical_altar, uniq_jessica,
          uniq_natasha
D:3:      kennysheep_goblin_castle, layout_basic, mainiacjoe_overflow_alcove_2,
          mainiacjoe_overflow_brackets, minmay_misc_feat_pillars, uniq_terence
D:4:      layout_rooms, grunt_ministairs_2, saegor_snake_ambush

Skill      XL: |  1  2  3  4  5  6 |
---------------+-------------------+-----
Fighting       | 3 |  3.7
Unarmed Combat | 4 5 6 |  6.4
Dodging        | |  2.4
Stealth        | |  0.6

Action                   |  1- 3 |  4- 6 || total
-------------------------+-------+-------++-------
Melee: Unarmed           |    37 |   181 ||   218
       Punch             |       |     5 ||     5
Invok: Trog's Hand       |       |     4 ||     4
       Berserk           |       |     3 ||     3
 Stab: Sleeping          |     1 |       ||     1
Armor: Animal skin       |    12 |    51 ||    63
Dodge: Dodged            |    26 |    99 ||   125

Table legend: (Time is in decaauts)
 A = Elapsed time spent in this place.
 B = Non-inter-level travel time spent in this place.
 C = Inter-level travel time spent in this place.
 D = Time resting spent in this place.
 E = Time spent auto-exploring this place.
 F = Levels seen in this place.
 G = Mean time per level.
                   A        B        C        D        E       F      G
               +--------+--------+--------+--------+--------+-----+--------+
         Total |   2347 |   2113 |    234 |      0 |   1646 |   4 |  586.8 |
       Dungeon |   2347 |   2113 |    234 |      0 |   1646 |   4 |  586.8 |
               +--------+--------+--------+--------+--------+-----+--------+

Top non-repeatable levels by time:
     D:3: 789 daAuts
     D:2: 758 daAuts
     D:1: 677 daAuts
     D:4: 121 daAuts
